 Dungeon Crawl Stone Soup version 0.24.0-123-gd5b16e6ec5 (webtiles) character file.

Game seed: 2780966810709081725, levelgen mode: deterministic

33 vurker the Gusty (level 3, -6/20 HPs)
             Began as a Tengu Air Elementalist on Feb 2, 2020.
             Killed from afar by Natasha (7 damage)
             ... with a puff of flame
             ... on level 2 of the Dungeon.
             The game lasted 00:01:34 (1458 turns).

vurker the Gusty (Tengu Air Elementalist)           Turns: 1458, Time: 00:01:35

Health: -6/20      AC:  2    Str:  8    XL:     3   Next: 29%
Magic:  1/7        EV: 12    Int: 16    God:
Gold:   80         SH:  0    Dex: 14    Spells: 6/7 levels left

rFire    . . .     SeeInvis .   l - +1 dagger (holy)
rCold    . . .     Gourm    .   (no shield)
rNeg     . . .     Faith    .   a - +0 robe
rPois    .         Spirit   .   (helmet restricted)
rElec    .         Reflect  .   (no cloak)
rCorr    .         Harm     .   (no gloves)
MR       .....                  (boots unavailable)
Stlth    ++........             (no amulet)
HPRegen  0.06/turn              g - ring of wizardry
MPRegen  0.10/turn              (no ring)

@: very slightly contaminated, slowed, very slow
A: beak, talons 3
a: no special abilities


You were on level 2 of the Dungeon.
You were not hungry.

You visited 1 branch of the dungeon, and saw 2 of its levels.

You collected 80 gold pieces.

Inventory:

Hand Weapons
 l - a +1 dagger of holy wrath (weapon)
   (You took it off a goblin on level 2 of the Dungeon)
Armour
 a - a +0 robe (worn)
Jewellery
 g - a ring of wizardry (left hand)
   (You found it on level 1 of the Dungeon)
Scrolls
 d - a scroll of teleportation {unknown}
 h - a scroll of remove curse {unknown}
 i - a scroll of immolation {unknown}
 j - a scroll of magic mapping {unknown}
 k - a scroll of identify {unknown}
Potions
 b - 2 potions of lignification {unknown}
 f - a potion of curing {unknown}
Comestibles
 e - 3 rations


   Skills:
 + Level 0.6 Fighting
 - Level 2.1 Dodging
 - Level 2.0 Stealth
 * Level 2.5 Spellcasting
 * Level 2.5 Conjurations
 * Level 4.4 Air Magic


You had 6 spell levels left.
You knew the following spells:

 Your Spells              Type           Power        Failure   Level  Hunger
a - Shock                 Conj/Air       ##..         1%          1    #......

Your spell library contained the following spells:

 Spells                   Type           Power        Failure   Level  Hunger
 Swiftness                Chrm/Air       #.......     4%          2    ##.....
 Static Discharge         Conj/Air       ##......     6%          3    ###....
 Airstrike                Air            ###.......   12%         4    #####..
 Lightning Bolt           Conj/Air       ##........   45%         5    ######.


Dungeon Overview and Level Annotations

Branches:
Dungeon (2/15)

Altars:

Annotations:
D:2 Natasha


Innate Abilities, Weirdness & Mutations

You have a beak for a mouth.
You have claws for feet.


Message History

You hit the giant cockroach. You claw the giant cockroach.
You kill the giant cockroach!
No target in view!
You are feeling very hungry.
You butcher the giant cockroach corpse.
c - a chunk of flesh Eating a chunk of flesh.
You eat the chunk of flesh.
Found a stone staircase leading down.
There is a stone staircase leading down here.
Found an encrusted steel ring.
You now have 80 gold pieces (gained 17).
Natasha, Servant of Life and Death comes into view.
She is carrying a wand of flame (22).
Natasha casts a spell.
Aim: Natasha, carrying a wand of flame (22)
The zap misses Natasha.
Aim: Natasha, carrying a wand of flame (22)
The zap hits Natasha. x2
Aim: Natasha, carrying a wand of flame (22) (moderately wounded)
You miscast Shock.
You are very lightly contaminated with residual magic.
Nothing appears to happen.
Natasha zaps a wand.
The puff of flame hits you!
Aim: Natasha, carrying a wand of flame (21) (moderately wounded)
The zap hits Natasha but does no damage.
Natasha barely misses you.
Aim: Natasha, carrying a wand of flame (21) (moderately wounded)
You miscast Shock.
Wisps of smoke drift from your hands. Natasha claws you.
* * * LOW HITPOINT WARNING * * *
The iron imp disappears for a moment.
Aim: Natasha, carrying a wand of flame (21) (moderately wounded)
The zap hits Natasha.
Natasha mumbles some strange words.
Aim: Natasha, carrying a wand of flame (21) (moderately wounded)
The zap misses Natasha.
Natasha mumbles some strange words.
The crimson imp blinks!
You don't have enough magic to cast that spell.
Unknown command.
Natasha claws you!
* * * LOW HITPOINT WARNING * * *
Natasha hisses.
Natasha casts a spell at you.
You feel yourself slow down.
There is a stone staircase leading down here.
Natasha mumbles some strange words.
You feel troubled.
Natasha zaps a wand.
The puff of flame hits you!
You die...

.. . #. .# ####
##. .# ...
####..###.# #5....
......## #####.#5#
#.....##.#
#.......#
#........#
####.####...(##..#
#....5h>.@####
#....5.####
#......# #......#
#..%..># #......#
########


You could see an iron imp, Natasha and a crimson imp.

Vanquished Creatures
  A dart slug (D:1)
  3 leopard geckos
  2 ball pythons (D:1)
  4 bats (D:1)
  2 giant cockroaches
  4 goblins
  A hobgoblin (D:2)
  4 kobolds (D:1)
  3 rats
24 creatures vanquished.

Notes
Turn   | Place    | Note
-------+----------+-------------------------------------------
     0 | D:1      | vurker the Tengu Air Elementalist began the quest for the
                  | Orb.
     0 | D:1      | Reached XP level 1. HP: 10/10 MP: 4/4
   365 | D:1      | Reached XP level 2. HP: 15/15 MP: 0/6
   940 | D:1      | Reached XP level 3. HP: 20/20 MP: 4/7
  1446 | D:2      | Noticed Natasha
  1455 | D:2      | HP: 1/20 [Natasha (8)]
  1458 | D:2      | Killed from afar by Natasha

Levels and vault maps discovered:
D:1:      kilobyte_arrival_exit_the_forest, layout_basic
D:2:      layout_rooms, nicolae_qazlal_eye_of_the_storm, old_standard_altar,
          uniq_natasha

Skill      XL: |  1  2 |
---------------+-------+-----
Conjurations   | 2 |  2.5
Fighting       | |  0.6
Dodging        | |  2.1
Stealth        | |  2.0
Spellcasting   | |  2.5
Air Magic      | |  4.4

Action                   || total
-------------------------++-------
Melee: Dagger            ||    16
       Kick              ||     6
       Peck              ||     4
 Cast: Shock             ||    46
  Eat: Chunk             ||     2
Armor: Robe              ||     5
Dodge: Dodged            ||    15
